 Dungeon Crawl Stone Soup version 0.21.1-1-g345015fe64 (webtiles) character file.

62986 Jannitor the Blocker (level 15, -14/136 HPs)
             Began as a Formicid Fighter on June 23, 2018.
             Was the Champion of Makhleb.
             Killed from afar by a fire giant (56 damage)
             ... with a bolt of fire
             ... on level 13 of the Dungeon.
             The game lasted 00:34:36 (20642 turns).

Jannitor the Blocker (Formicid Fighter)            Turns: 20642, Time: 00:34:36

Health: -14/136    AC: 20    Str: 35    XL:     15   Next: 48%
Magic:  0/8        EV: 11    Int: 12    God:    Makhleb [******]
Gold:   1888       SH: 15    Dex: 14    Spells: 14/14 levels left

rFire    . . .     SeeInvis +   O - +3 broad axe (antimagic)
rCold    + . .     Gourm    .   c - +0 shield
rNeg     . . .     Faith    .   X - +2 chain mail {rC+}
rPois    .         Spirit   +   (helmet unavailable)
rElec    .         Reflect  .   N - +0 cloak
rCorr    .         Harm     .   H - +2 pair of gloves {Dex+3}
MR       +....     Clarity  +   (no boots)
Stlth    ..........             L - amulet of guardian spirit
HPRegen  0.32/turn              u - +5 ring of strength
MPRegen  0.11/turn              k - +6 ring of strength

@: no status effects
A: permanent stasis, dig shafts and tunnels, four strong arms, antennae 3,
clarity, clever 1, robust 1
a: Dig, Shaft Self, Minor Destruction, Lesser Servant of Makhleb, Major
Destruction, Greater Servant of Makhleb, Renounce Religion


You were on level 13 of the Dungeon.
You worshipped Makhleb.
Makhleb was exalted by your worship.
You were not hungry.

You visited 3 branches of the dungeon, and saw 21 of its levels.
You also visited: Bailey.

You collected 2008 gold pieces.
You spent 120 gold pieces at shops.

Inventory:

Hand Weapons
 a - a +1 war axe of draining
 O - a +3 antimagic broad axe (weapon)
Armour
 c - a +0 shield (worn)
 H - a +2 pair of gloves of dexterity (worn)
 N - a +0 cloak (worn)
 T - a +10 plate armour of ponderousness
 X - a +2 chain mail of cold resistance (worn)
Jewellery
 e - an uncursed ring of protection from magic
 k - a +6 ring of strength (right hand)
 q - an uncursed ring of positive energy
 u - a +5 ring of strength (left hand)
 v - an uncursed ring of protection from fire
 L - an amulet of guardian spirit (around neck)
 Q - an uncursed ring of ice
Wands
 d - a wand of digging (30)
 n - a wand of enslavement (18)
 o - a wand of iceblast (26)
 z - a wand of flame (58)
 C - a wand of paralysis (33)
 D - a wand of polymorph (16)
Scrolls
 h - 14 scrolls of identify
 j - 5 scrolls of enchant armour
 m - 4 scrolls of enchant weapon
 s - 2 scrolls of amnesia
 t - 9 scrolls of remove curse
 I - 4 scrolls of fog
 V - 4 scrolls of summoning
 Z - a scroll of brand weapon
Potions
 b - a potion of resistance {unknown}
 l - 3 potions of brilliance
 p - 10 potions of curing
 r - a potion of mutation
 w - 3 potions of berserk rage
 x - a potion of flight
 A - 5 potions of heal wounds
 F - a potion of ambrosia
 G - a potion of lignification
 K - 3 potions of agility
 S - a potion of magic
 U - 2 potions of haste {unknown}
Books
 g - a book of Party Tricks

   Spells                             Type                      Level
   a - Summon Butterflies             Summoning                    1
   b - Apportation                    Translocation                1
   c - Lesser Beckoning               Translocation                3
   d - Tukima's Dance                 Hexes                        3
   e - Alistair's Intoxication        Transmutation/Poison         5
   f - Invisibility                   Hexes                        6
 M - a book of the Warp

   Spells                             Type                      Level
   a - Gell's Gravitas                Translocation                3
   b - Portal Projectile              Hexes/Translocation          3
   c - Force Lance                    Conjuration/Translocation    4
   d - Dispersal                      Translocation                6
   e - Controlled Blink               Translocation                8
   f - Disjunction                    Translocation                8
 P - a book of Air

   Spells                             Type                      Level
   a - Shock                          Conjuration/Air              1
   b - Swiftness                      Charms/Air                   2
   c - Static Discharge               Conjuration/Air              3
   d - Airstrike                      Air                          4
   e - Lightning Bolt                 Conjuration/Air              5
Miscellaneous
 R - a lamp of fire
Comestibles
 f - 22 rations
 i - 5 chunks of flesh


   Skills:
 + Level 13.3 Fighting
 + Level 12.1 Axes
 + Level 13.2 Armour
 + Level 2.6 Dodging
 + Level 14.2 Shields
 + Level 12.3 Invocations


You had 14 spell levels left.
You didn't know any spells.

Dungeon Overview and Level Annotations

Branches:
Dungeon (13/15)            Temple (0/1) D:7            Lair (6/6) D:8
 Shoals (0/4) Lair:2        Snake (0/4) Lair:2        Slime (0/5) Lair:5
    Orc (2/2) D:9
    Elf: Orc:2       Vaults: D:13-14

Altars:
Ashenzari
Dithmenos
Elyvilon
Fedhas
Gozag
Makhleb
Trog
Uskayaw
Vehumet
Wu Jian
Yredelemnul
Zin
Beogh

Shops:
D:4 [   D:5 *   D:8 %   D:12 [   Orc:1 :

Annotations:
D:4 Eurus's ghost, novice NaVM
D:5 Jannitor's ghost, amateur MiBe
D:11 1 runed door
Lair:4 exclusion: 2 oklob plants


Innate Abilities, Weirdness & Mutations

You cannot be hasted, slowed, berserked, paralysed or teleported.
You can dig through walls and to a lower floor.
Your four strong arms can wield two-handed weapons with a shield.
You have a pair of large antennae on your head. (SInv)
You possess an exceptional clarity of mind.
Your mind is acute. (Int +2)
You are robust. (+10% HP)


Message History

Items here: )) [[ † a whip; a ring mail; a dire flail; a chain mail; an orc corpse You are too injured to fight recklessly!
Unknown command.
You are too injured to fight recklessly!
Unknown command.
A demon appears!
You block the fire giant's attack.
Unknown command.
A demon appears!
The fire giant hits you with a great sword of flaming!!
* * * LOW HITPOINT WARNING * * *
The fire giant burns you.
* * * LOW HITPOINT WARNING * * *
Your hellwing hits the fire giant but does no damage.
Your hellwing hits the fire giant.
You feel much better.
Your hellwing hits the fire giant. x2
Your orange demon barely misses the fire giant.
The fire giant casts a spell at you. The bolt of fire hits you!
You die...

#.....#.....#..#..#
#.....'.....#..#..#
#.....#.....#..#†.#
#..#####.†.##..#..##
#.##...##†##..##...##+#
#.....#....##.......#
#.....'..###.#.###..+
#..†####......## .##
##..@C.###...## #
####.4.$##..# .4...#..#
...#.##... { { ..##
.#...# { ### #...# ...#


You could see a fire giant, a friendly orange demon and a friendly hellwing.

Vanquished Creatures
  Gastronok (Lair:2)
  The ghost of Evaline the Peltast, a journeyman GrFi of Okawaru (Lair:5)
  Fannar (Orc:1)
  Erolcha (D:9)
  4 hydras
  A centaur warrior (D:12)
  A catoblepas (Lair:3)
  5 death yaks (Lair:6)
  An orc high priest (Orc:2)
  4 two-headed ogres
  A slime creature (D:13)
  2 unseen horrors
  Pikel (D:6)
  2 orc sorcerers (Orc:2)
  6 elephants (Lair:4)
  4 black mambas
  A centaur zombie (D:12)
  2 torpor snails
  9 spiny frogs
  Joseph (D:9)
  A centaur skeleton (D:10)
  4 rime drakes
  5 komodo dragons
  4 trolls
  7 hornets
  8 polar bears
  6 hippogriffs
  4 blink frogs (Lair:6)
  7 dream sheep (Lair:5)
  56 yaks
  9 spriggans (Lair:6)
  5 wyverns
  A basilisk (Lair:5)
  Grum (D:9)
  2 hungry ghosts
  4 wargs
  2 nagas (Lair:2)
  7 water moccasins
  6 porcupines
  31 orc warriors
  2 eyes of draining
  4 sky beasts
  3 ice beasts
  2 phantoms
  4 black bears
  7 boggarts
  A hornet zombie (D:8)
  A necrophage (D:7)
  37 wolves
  11 ogres
  21 centaurs
  14 crocodiles
  A big kobold (D:11)
  14 bullfrogs
  A gnoll sergeant (D:10)
  6 scorpions
  9 killer bees
  9 wights
  2 howler monkeys
  3 electric eels (Lair:1)
  2 crimson imps
  A bullfrog zombie (D:7)
  A quasit (D:8)
  17 orc priests
  6 hounds
  5 jellies
  A bullfrog skeleton (D:11)
  14 orc wizards
  Jessica (D:3)
  5 iguanas
  Terence (D:3)
  5 worker ants
  A killer bee zombie (D:10)
  3 hound skeletons
  2 worker ant zombies
  Robin (D:3)
  3 gnolls (D:10)
  A howler monkey skeleton (D:4)
  15 adders
  An ooze (D:6)
  An adder skeleton (D:7)
  A worm (D:3)
  A dart slug (D:1)
  3 leopard geckos
  86 orcs
  3 bats
  4 giant cockroaches
  5 hobgoblins
  8 jackals
  3 quokkas
  A ball python skeleton (D:4)
  2 frilled lizards
  16 goblins
  2 jackal skeletons
  11 kobolds
  A leopard gecko skeleton (D:5)
  A quokka skeleton (D:8)
  4 rats
  3 fungi
  2 plants
615 creatures vanquished.

Vanquished Creatures (collateral kills)
  An ettin (D:12)
  The ghost of Peloso the Carver, a journeyman MiFi of Okawaru (Lair:2)
  2 hydras (Lair:3)
  2 polar bears (Lair:6)
  3 spriggans (Lair:6)
  An orc warrior (Bailey)
  2 wolves (Lair:6)
  A crocodile (Lair:3)
  An orc (Bailey)
14 creatures vanquished.

Vanquished Creatures (others)
  Sigmund (D:6)
  Menkaure (D:4)
  A slave (D:6)
  Blork the orc (D:6)
  An orc priest (D:13)
  4 orcs
  3 bushes
  2 fungi
  8 plants
22 creatures vanquished.

Grand Total: 651 creatures vanquished

Notes
Turn   | Place    | Note
-------+----------+-------------------------------------------
     0 | D:1      | Jannitor the Formicid Fighter began the quest for the Orb.
     0 | D:1      | Reached XP level 1. HP: 18/18 MP: 1/1
   104 | D:1      | Reached XP level 2. HP: 16/24 MP: 2/2
   285 | D:2      | Reached skill level 4 in Shields
   285 | D:2      | Reached XP level 3. HP: 16/29 MP: 3/3
   527 | D:3      | Noticed Terence
   538 | D:3      | Killed Terence
   538 | D:3      | Reached XP level 4. HP: 37/37 MP: 4/4
   547 | D:3      | Noticed Robin
   555 | D:3      | Killed Robin
   681 | D:3      | Found a shattered altar of Ashenzari.
   731 | D:3      | Reached XP level 5. HP: 40/42 MP: 5/5
   870 | D:3      | Noticed Jessica
   878 | D:3      | Killed Jessica
  1625 | D:4      | Reached XP level 6. HP: 43/49 MP: 6/6
  1653 | D:4      | Found Xiyph's Antique Armour Shop.
  1667 | D:4      | Reached skill level 5 in Shields
  1704 | D:4      | Noticed Menkaure
  1713 | D:4      | Killed Menkaure
  1721 | D:4      | Reached skill level 5 in Fighting
  1721 | D:4      | Reached XP level 7. HP: 15/56 MP: 7/7
  1872 | D:4      | Reached skill level 5 in Armour
  2519 | D:4      | Found a bloodstained altar of Trog.
  2520 | D:4      | Noticed Eurus's ghost (novice NaVM)
  2800 | D:5      | Entered Level 5 of the Dungeon
  3261 | D:5      | Noticed Jannitor's ghost (amateur MiBe)
  3422 | D:5      | Reached skill level 6 in Shields
  3437 | D:5      | Reached XP level 8. HP: 36/64 MP: 8/8
  3841 | D:5      | Found a glowing silver altar of Zin.
  3841 | D:5      | Found a burning altar of Makhleb.
  3841 | D:5      | Found a shadowy altar of Dithmenos.
  4006 | D:5      | Found Qiocracomp's Assorted Antiques.
  4022 | D:5      | Bought a scroll labeled GUMENKOACO for 20 gold pieces
  4022 | D:5      | Bought a twisted agate ring for 100 gold pieces
  4524 | D:5      | Found a shadowy altar of Dithmenos.
  4537 | D:5      | Found a blossoming altar of Fedhas.
  4549 | D:5      | Reached skill level 5 in Axes
  4893 | D:6      | Noticed Pikel
  4894 | D:6      | Noticed Sigmund
  4961 | D:6      | Killed Pikel
  4961 | D:6      | Reached skill level 7 in Shields
  4961 | D:6      | Reached XP level 9. HP: 30/72 MP: 9/9
  4975 | D:6      | Killed Sigmund
  5504 | D:5      | Became a worshipper of Makhleb the Destroyer
  5613 | D:6      | Killed Blork the orc
  6090 | D:7      | Reached skill level 8 in Shields
  6120 | D:7      | Found a hide-covered altar of Uskayaw.
  6205 | D:7      | Found a staircase to the Ecumenical Temple.
  6329 | D:7      | Found a white marble altar of Elyvilon.
  6375 | D:7      | Reached skill level 1 in Invocations
  6402 | D:7      | Found an opulent altar of Gozag.
  6420 | D:7      | Found a burning altar of Makhleb.
  6748 | D:8      | Reached XP level 10. HP: 58/79 MP: 11/11
  6920 | D:8      | Reached * piety under Makhleb
  7030 | D:8      | Reached skill level 9 in Shields
  7152 | D:8      | Found Muozisa's Food Boutique.
  7251 | D:8      | Found a staircase to the Lair.
  7268 | D:8      | Gained mutation: Your mind is acute. (Int +2) [potion of mutation]
  7268 | D:8      | Gained mutation: You possess an exceptional clarity of mind. [potion of mutation]
  7268 | D:8      | Gained mutation: You evolve. [potion of mutation]
  7682 | D:8      | Reached skill level 5 in Invocations
  7707 | D:8      | Reached ** piety under Makhleb
  7803 | D:8      | Found a basalt altar of Yredelemnul.
  7804 | D:8      | Found a radiant altar of Vehumet.
  8113 | D:8      | Reached XP level 11. HP: 86/86 MP: 14/14
  8302 | D:8      | Found an ornate altar of the Wu Jian Council.
  8704 | D:9      | Reached skill level 10 in Shields
  8872 | D:9      | Gained mutation: You are robust. (+10% HP) [evolution]
  8872 | D:9      | Lost mutation: You evolve. [end of evolution]
  8983 | D:9      | Noticed Grum
  8993 | D:9      | Killed Grum
  9170 | D:9      | Noticed Joseph
  9171 | D:9      | Found a roughly hewn altar of Beogh.
  9171 | D:9      | Found a staircase to the Orcish Mines.
  9380 | Lair:1   | Entered Level 1 of the Lair of Beasts
  9542 | Lair:1   | Reached *** piety under Makhleb
 10137 | Lair:2   | Found a staircase to the Snake Pit.
 10199 | Lair:2   | Reached skill level 10 in Fighting
 10210 | Lair:2   | Reached XP level 12. HP: 106/106 MP: 17/17
 10213 | Lair:2   | Reached skill level 10 in Armour
 10244 | Lair:2   | Noticed a five-headed hydra
 10547 | Lair:2   | Found a staircase to the Shoals.
 10671 | Lair:3   | Reached skill level 11 in Shields
 10703 | Lair:3   | Noticed a six-headed hydra
 10711 | Lair:3   | Killed a six-headed hydra
 10947 | Lair:3   | Noticed a seven-headed hydra
 10955 | Lair:3   | Killed a seven-headed hydra
 12026 | Lair:4   | Noticed a catoblepas
 12359 | Lair:4   | Noticed a catoblepas
 12423 | Lair:3   | Killed a catoblepas
 12423 | Lair:3   | Reached XP level 13. HP: 103/116 MP: 15/19
 12610 | Lair:4   | Reached skill level 10 in Axes
 12654 | Lair:4   | Reached skill level 12 in Shields
 13045 | Lair:5   | Noticed Evaline's ghost (journeyman GrFi)
 13092 | Lair:5   | Killed Evaline's ghost
 13099 | Lair:5   | Reached **** piety under Makhleb
 13631 | Lair:5   | Found a staircase to the Slime Pits.
 13682 | Lair:6   | Entered Level 6 of the Lair of Beasts
 13690 | Lair:5   | Reached skill level 10 in Invocations
 13918 | Lair:6   | Reached XP level 14. HP: 126/126 MP: 16/21
 14039 | Lair:6   | Reached skill level 13 in Shields
 14076 | Lair:6   | Reached ***** piety under Makhleb
 15093 | Lair:2   | Noticed Peloso's ghost (journeyman MiFi)
 15410 | Lair:2   | Noticed Gastronok
 15419 | Lair:2   | Killed Gastronok
 15622 | Lair:2   | Killed Peloso's ghost
 15846 | D:9      | Killed Joseph
 15972 | D:9      | You fall through a shaft!
 15972 | D:10     | Entered Level 10 of the Dungeon
 16082 | Orc:1    | Entered Level 1 of the Orcish Mines
 16085 | Orc:1    | Noticed Erolcha
 16087 | Orc:1    | Noticed Fannar
 16096 | D:9      | Killed Erolcha
 16108 | D:9      | Identified a scroll of acquirement
 16128 | Orc:1    | Killed Fannar
 16136 | Orc:1    | Found Ethryla's Book Shop.
 16157 | Orc:1    | Found a flagged portal.
 16164 | Bailey   | Entered a bailey
 16683 | Orc:1    | Reached ****** piety under Makhleb
 16813 | Orc:1    | You fall through a shaft!
 16813 | Orc:2    | Entered Level 2 of the Orcish Mines
 16928 | Orc:2    | Noticed an orc warlord
 17726 | D:10     | Reached XP level 15. HP: 134/134 MP: 7/23
 18727 | D:11     | Reached skill level 1 in Dodging
 18946 | D:11     | Reached skill level 14 in Shields
 19137 | D:11     | Found a glowing silver altar of Zin.
 19137 | D:11     | Found a runed door.
 19137 | D:11     | Noticed an angel
 19269 | D:12     | Found Zexket's Armour Shoppe.
 20637 | D:13     | Noticed a fire giant
 20642 | D:13     | Killed from afar by a fire giant

Skill      XL: |  1  2  3  4  5  6  7  8  9 10 11 12 13 14 15 |
---------------+----------------------------------------------+-----
Shields        | 4 5 6 7 8 9 10 11 12 13 14 | 14.2
Fighting       | 4 5 7 8 10 11 12 13 | 13.3
Armour         | 4 5 6 7 8 9 10 11 12 13 | 13.2
Axes           | 3 4 5 6 7 8 9 10 11 12 | 12.1
Invocations    | 2 5 7 9 10 11 12 | 12.3
Dodging        | 2 |  2.6

Action                   |  1- 3 |  4- 6 |  7- 9 | 10-12 | 13-15 || total
-------------------------+-------+-------+-------+-------+-------++-------
Melee: War axe           |    70 |   130 |   386 |   633 |   575 ||  1794
       Broad axe         |       |       |       |       |   485 ||   485
Invok: Lesser Servant of |       |       |       |     8 |    17 ||    25
       Minor Destruction |       |       |       |     3 |    29 ||    32
       Major Destruction |       |       |       |       |     2 ||     2
 Abil: Dig               |       |       |     1 |     2 |     2 ||     5
Evoke: Wand              |       |       |     1 |     5 |       ||     6
  Use: Potion            |     1 |     1 |     4 |     4 |     3 ||    13
       Scroll            |       |       |     7 |    13 |     9 ||    29
 Stab: Confused          |       |       |     1 |       |       ||     1
       Distracted        |       |       |       |       |     4 ||     4
       Invisible         |       |       |       |       |     1 ||     1
  Eat: Chunk             |       |     1 |     7 |    12 |    22 ||    42
       Ration            |       |       |     7 |     2 |     2 ||    11
Armor: Scale mail        |     4 |       |       |       |       ||     4
       Plate armour      |    37 |    87 |   189 |   375 |   452 ||  1140
       Chain mail        |       |       |       |       |   119 ||   119
Dodge: Dodged            |    16 |    29 |    87 |   208 |   373 ||   713
Block: Shield            |    35 |    79 |   205 |   461 |   997 ||  1777
